 Dungeon Crawl Stone Soup version 0.26-a0-662-g8b9c6dab81 (webtiles) character file.

Game seed: 10188317425273267801

162199 Melum the Executioner (level 17, -3/140 HPs)
             Began as a Minotaur Hunter on Oct 10, 2020.
             Was a Follower of Uskayaw.
             Slain by a tentacle (20 damage)
             ... attached to a kraken
             ... on level 2 of the Shoals.
             The game lasted 02:26:46 (37505 turns).

Melum the Executioner (Minotaur Hunter)            Turns: 37505, Time: 02:26:47

Health: -3/140     AC: 14    Str: 25    XL:     17   Next: 21%
Magic:  15/15      EV: 17    Int: 11    God:    Uskayaw [*.....]
Gold:   1787       SH:  0    Dex: 14    Spells: 16/16 levels left

rFire    + . .     SeeInvis .   q - +6 executioner's axe (freeze)
rCold    + + +     Faith    +   (shield currently unavailable)
rNeg     . . .     Spirit   .   I - +0 ring mail of Mimekeun {rPois rF+ rC+++ MP-9}
rPois    +         Reflect  .   (helmet restricted)
rElec    +         Harm     .   D - scarf {repulsion}
rCorr    .         Rampage  .   n - +2 pair of gloves of the Game of Kings {rElec rPois}
MR       +....                  t - +2 pair of boots
Stlth    +.........             g - amulet of faith
HPRegen  0.33/turn              y - ring of Ruxzifua {*Drain rElec Int+3 Dex+4 Slay+4}
MPRegen  0.14/turn              U - ring "Fiod" {rC+ Slay+4}

@: repel missiles
A: retaliatory headbutt, horns 2
a: Stomp, Renounce Religion


You were on level 2 of the Shoals.
You worshipped Uskayaw.
Uskayaw was aware of your devotion.
You visited 6 branches of the dungeon, and saw 27 of its levels.
You also visited: Bailey and Ice Cave.

You collected 3006 gold pieces.
You spent 1219 gold pieces at shops.

Inventory:

Hand Weapons
 q - a +6 executioner's axe of freezing (weapon)
 r - the +9 staff of Olgreb {rPois∞}
   (You found it on level 3 of the Lair of Beasts)

   It grants immunity to poison.
 G - a +2 whip of flaming
 Q - a +8 vorpal battleaxe
Missiles
 c - 23 javelins
 d - 6 throwing nets
 L - 26 boomerangs (quivered)
 Y - 4 curare-tipped darts
Armour
 m - the +6 plate armour "Riluass" {rN+ Int-2 SInv}
   (You found it on level 6 of the Lair of Beasts)

   It affects your intelligence (-2).
   It protects you from negative energy.
   It lets you see invisible.
 n - the +2 pair of gloves of the Game of Kings (worn) {rElec rPois}
   (You found it on level 1 of the Snake Pit)

   It insulates you from electricity.
   It protects you from poison.
 t - a +2 pair of boots (worn)
 D - a scarf of repulsion (worn)
 I - the +0 ring mail of Mimekeun (worn) {rPois rF+ rC+++ MP-9}
   (You found it on level 7 of the Dungeon)

   It protects you from fire.
   It renders you almost immune to cold.
   It protects you from poison.
   It affects your magic capacity (-9).
Jewellery
 e - an uncursed ring of see invisible
 g - an amulet of faith (around neck)
 y - the ring of Ruxzifua (left hand) {*Drain rElec Int+3 Dex+4 Slay+4}
   (You found it on level 9 of the Dungeon)

   [ring of slaying]

   It affects your intelligence (+3).
   It affects your dexterity (+4).
   It affects your accuracy and damage with ranged weapons and melee attacks
   (+4).
   It insulates you from electricity.
   It causes draining when unequipped.
 S - an uncursed ring of protection from magic
 U - the ring "Fiod" (right hand) {rC+ Slay+4}
   (You found it on level 9 of the Dungeon)

   [ring of protection from cold]

   It affects your accuracy and damage with ranged weapons and melee attacks
   (+4).
   It protects you from cold.
Wands
 a - a wand of paralysis (20)
 f - a wand of iceblast (26)
 p - a wand of disintegration (16)
 x - a wand of acid (26)
 B - a wand of digging (9)
Scrolls
 b - 8 scrolls of identify
 h - 7 scrolls of teleportation
 j - 3 scrolls of remove curse
 u - 5 scrolls of fog
 v - 7 scrolls of enchant armour
 w - 2 scrolls of blinking
 A - 5 scrolls of fear
 H - a scroll of holy word
 P - 4 scrolls of magic mapping
 X - a scroll of summoning
Potions
 i - 4 potions of flight
 k - 5 potions of cancellation
 l - 7 potions of stabbing
 o - 9 potions of curing
 s - 9 potions of heal wounds
 z - 2 potions of berserk rage
 E - 4 potions of haste
 J - 3 potions of lignification
 K - 2 potions of magic
 M - 5 potions of might
 N - 4 potions of mutation
 O - 3 potions of resistance
 Z - 2 potions of ambrosia
Miscellaneous
 C - a phantom mirror
 R - a lightning rod (4/4)
 T - a condenser vane (1/2)
 V - a phial of floods
 W - a tin of tremorstones (3/3)


   Skills:
 - Level 10.0 Fighting
 - Level 26.0 Axes
 - Level 5.0 Throwing
 - Level 10.0 Armour
 - Level 10.0 Dodging
 - Level 0.7 Stealth
 + Level 11.6 Invocations
 - Level 5.0 Evocations


You had 16 spell levels left.
You didn't know any spells.
Your spell library contained the following spells:

 Spells                   Type           Power        Failure   Level
 Animate Skeleton         Necr           #.....       45%         1
 Beastly Appendage        Tmut           #.....       45%         1
 Freeze                   Ice            #...         45%         1
 Pain                     Necr           #...         45%         1
 Poisonous Vapours        Pois/Air       #.....       58%         2
 Wereblood                Tmut           #.......     58%         2
 Conjure Flame            Conj/Fire      #.......     83%         3
 Frozen Ramparts          Ice            #.....       83%         3
 Mephitic Cloud           Conj/Pois/Air  #.......     83%         3
 Ozocubu's Armour         Ice            #.......     83%         3
 Spider Form              Tmut/Pois      #.........   83%         3
 Vampiric Draining        Necr           #.........   83%         3
 Animate Dead             Necr           #.........   99%         4
 Hailstorm                Conj/Ice       #.......     99%         4
 Ice Form                 Ice/Tmut       #.......     99%         4
 Summon Ice Beast         Ice/Summ       #.......     99%         4
 Summon Lightning Spire   Summ/Air       #.......     99%         4
 Agony                    Necr           #.......     100%        5
 Blade Hands              Tmut           #.........   100%        5
 Silence                  Hex/Air        #.........   100%        5
 Conjure Ball Lightning   Conj/Air       #.........   100%        6
 Freezing Cloud           Conj/Ice/Air   #.........   100%        6
 Tornado                  Air            #.........   100%        9


Dungeon Overview and Level Annotations

Branches:
Dungeon (13/15)            Temple (1/1) D:6            Lair (6/6) D:8
 Shoals (2/4) Lair:4        Snake (3/4) Lair:3        Slime (0/5) Lair:6
    Orc (2/2) D:11         Bailey (visited)           IceCv (visited)
    Elf: Orc:2       Vaults: D:13-14

Altars:
Ashenzari
Cheibriados
Dithmenos
Elyvilon
Fedhas
Gozag
Hepliaklqana
Kikubaaqudgha
Makhleb
Nemelex Xobeh
Okawaru
Qazlal
Ru
Sif Muna
Trog
Uskayaw
Vehumet
Wu Jian
Xom
Yredelemnul
Zin
The Shining One
Beogh
Jiyva

Shops:
D:10 (?*:   Snake:2 =!}:

Annotations:
D:12 exclusion: downstairs
D:13 Louise
Shoals:2 3 runed translucent doors, Buvar's ghost, adept MiBe; Eddaez Biosh's ghost, journeyman HOFi; Witt's ghost, adept GrFi; archon2's ghost, adept DEFE


Innate Abilities, Weirdness & Mutations

You reflexively headbutt those who attack you in melee.
You have a pair of horns on your head.


Message History

Press: ? - help, Shift-Dir - straight line, f/p - kraken
Aim: a kraken (water, lightly wounded)
You throw a boomerang. The boomerang hits the tentacle!
The tentacle is moderately wounded.
The tentacle barely misses you. The tentacle slaps you!
* * * LOW HITPOINT WARNING * * *
The tentacle misses you.
The tentacle slaps you but does no damage.
You slice the tentacle!! You freeze the tentacle.
The tentacle is severely wounded.
You slice the tentacle!! You freeze the tentacle!
You barely miss the tentacle. x2
The tentacle slaps you.
* * * LOW HITPOINT WARNING * * *
The tentacle slaps you!
* * * LOW HITPOINT WARNING * * *
The tentacle slaps you!
* * * LOW HITPOINT WARNING * * *
The tentacle slaps you but does no damage.
The tentacle barely misses you. The tentacle slaps you!!
You die...

.....≈≈≈≈..)..)..≈≈≈≈≈≈≈≈
...^...........≈≈≈≈≈≈≈≈≈≈
≈≈≈≈..........≈)≈≈≈≈≈≈≈≈≈
≈≈≈≈≈≈........≈≈≈≈≈≈≈≈≈≈≈≈
≈≈≈≈≈≈.......≈≈≈≈≈≈≈≈≈≈≈
≈≈≈≈≈≈..)...≈≈≈≈≈≈≈≈≈≈≈≈
≈≈≈≈≈≈......≈≈≈≈≈≈≈≈≈≈≈≈
≈≈≈≈≈≈≈...#####≈≈≈≈≈≈≈##
≈≈≈≈≈≈≈.w@..≈≈##≈≈≈≈≈##
≈≈≈≈≈≈≈*www)≈≈≈##≈≈≈##
≈≈≈≈≈≈≈≈//..≈≈≈≈##'
≈≈≈≈≈≈≈X≈≈###≈≈≈≈≈
≈≈≈≈≈≈≈≈≈≈≈≈##≈≈≈≈
≈≈≈≈≈≈≈≈≈≈≈≈≈##≈≈≈
≈≈≈≈≈≈≈≈≈≈≈≈≈≈####
≈≈≈≈≈≈≈≈≈≈≈≈≈≈≈
≈≈≈≈≈≈≈≈≈≈≈≈≈≈≈


You could see a kraken and 4 tentacles.

Vanquished Creatures
  Frances (D:13)
  3 nagarajas
  Ilsuiw (Shoals:2)
  Aizul (Snake:1)
  The ghost of flotson the Thaumaturge, a journeyman PaCj of Fedhas (Lair:3)
  A fire dragon (Lair:3)
  A merfolk impaler (Shoals:2)
  Fannar (Lair:1)
  A boulder beetle (D:11)
  15 hydras
  12 naga warriors
  3 merfolk avatars
  Erica (Lair:2)
  8 anacondas
  A dancing weapon (Lair:3)
  3 two-headed ogres
  A centaur warrior (D:9)
  A queen ant (D:11)
  4 naga sharpshooters
  An orc high priest (Orc:2)
  5 shock serpents
  Sonja (Lair:3)
  A hell knight (D:13)
  3 skeletal warriors (D:12)
  2 salamander mystics (Snake:3)
  6 naga ritualists
  3 sea snakes (Shoals:2)
  Pikel (D:6)
  7 orc knights
  An orc sorcerer (Orc:1)
  13 mana vipers
  A deep elf mage (D:9)
  6 salamanders
  3 ugly things
  11 manticores
  8 fauns
  A moth of wrath (Lair:5)
  15 elephants
  A guardian serpent (Snake:3)
  3 ice statues (IceCv)
  42 black mambas
  13 naga magi
  5 merfolk sirens
  2 water nymphs (Shoals:2)
  23 cane toads
  A gargoyle (D:11)
  A demonic crawler (Lair:5)
  9 komodo dragons
  6 rime drakes
  A kobold demonologist (D:9)
  5 trolls
  9 polar bears
  18 merfolk
  4 hornets
  5 wind drakes
  2 dream sheep (Lair:6)
  Grinder (D:3)
  28 blink frogs
  A snapping turtle (Shoals:1)
  Sigmund (D:3)
  A vampire (D:9)
  11 spriggans (Lair:6)
  5 wyverns
  A water elemental (Shoals:2)
  A wraith (D:12)
  50 yaks
  4 basilisks
  Eustachio (D:5)
  A steam dragon (Lair:4)
  30 nagas
  3 vampire mosquitoes (D:12)
  3 wargs (Orc:1)
  An acid dragon (D:9)
  3 swamp worms (Lair:5)
  14 soldier ants (D:11)
  9 ice beasts
  23 orc warriors
  23 water moccasins
  4 sky beasts
  3 black bears
  A phantom (D:5)
  2 necrophages (D:8)
  28 wolves
  16 ogres
  4 boggarts (Lair:6)
  8 centaurs
  3 lemures (D:6)
  3 big kobolds
  15 bullfrogs
  5 gnoll sergeants (D:11)
  9 scorpions
  A wyvern skeleton (D:9)
  12 killer bees
  17 wights
  2 electric eels
  4 howler monkeys
  A jelly (D:6)
  2 centaur skeletons
  9 orc priests
  3 bullfrog skeletons
  7 hounds
  10 orc wizards
  3 iguanas
  Ijyb (D:5)
  6 hell rats (Lair:6)
  46 worker ants
  A killer bee zombie (D:7)
  3 hound zombies
  A hound skeleton (D:9)
  A worker ant zombie (D:4)
  A howler monkey zombie (D:7)
  6 gnolls
  8 adders
  3 ufetubi
  An adder zombie (D:9)
  2 worms
  A dart slug (D:1)
  4 leopard geckos
  76 orcs
  2 ball pythons
  5 bats
  3 bat zombies (D:8)
  7 giant cockroaches
  6 goblins
  6 hobgoblins
  10 jackals
  18 kobolds
  3 quokkas
  7 frilled lizards
  2 jackal skeletons
  2 leopard gecko skeletons (D:5)
  A leopard gecko zombie (D:7)
  A quokka skeleton (D:9)
  8 rats
  3 rat zombies (D:8)
931 creatures vanquished.

Vanquished Creatures (others)
  A centaur (D:12)
  51 fungi
  123 plants
175 creatures vanquished.

Grand Total: 1106 creatures vanquished

Notes
Turn   | Place    | Note
-------+----------+-------------------------------------------
     0 | D:1      | Melum the Minotaur Hunter began the quest for the Orb.
     0 | D:1      | Reached XP level 1. HP: 18/18 MP: 0/0
   250 | D:1      | Reached XP level 2. HP: 25/25 MP: 1/1
   450 | D:1      | Reached skill level 1 in Axes
  1337 | D:2      | Found a snail-covered altar of Cheibriados.
  1354 | D:2      | Reached XP level 3. HP: 30/30 MP: 2/2
  1473 | D:2      | Reached skill level 2 in Axes
  2281 | D:2      | Reached skill level 5 in Throwing
  2559 | D:3      | Reached XP level 4. HP: 37/37 MP: 3/3
  2733 | D:3      | Noticed Sigmund
  2739 | D:3      | Killed Sigmund
  2739 | D:3      | Reached skill level 5 in Axes
  2739 | D:3      | Reached XP level 5. HP: 37/42 MP: 4/4
  2804 | D:3      | Reached skill level 6 in Axes
  2924 | D:3      | Reached XP level 6. HP: 34/50 MP: 5/5
  3078 | D:3      | Noticed Grinder
  3095 | D:3      | Killed Grinder
  3095 | D:3      | Reached skill level 7 in Axes
  3402 | D:3      | Reached XP level 7. HP: 54/56 MP: 6/6
  3474 | D:3      | Reached skill level 8 in Axes
  4628 | D:5      | Entered Level 5 of the Dungeon
  4631 | D:5      | Noticed Eustachio
  4648 | D:5      | Killed Eustachio
  4648 | D:5      | Reached skill level 9 in Axes
  4996 | D:5      | Reached skill level 10 in Axes
  4996 | D:5      | Reached XP level 8. HP: 39/62 MP: 7/7
  5314 | D:5      | Found a white marble altar of Elyvilon.
  5400 | D:5      | Reached skill level 11 in Axes
  5400 | D:5      | Noticed Ijyb
  5418 | D:5      | Killed Ijyb
  6170 | D:6      | Found a bloodstained altar of Trog.
  6176 | D:6      | Reached skill level 12 in Axes
  6334 | D:6      | Noticed Pikel
  6356 | D:6      | Killed Pikel
  6356 | D:6      | Reached skill level 13 in Axes
  6356 | D:6      | Reached XP level 9. HP: 28/68 MP: 8/8
  6632 | D:6      | Found a staircase to the Ecumenical Temple.
  6651 | Temple   | Entered the Ecumenical Temple
  6737 | Temple   | Became a worshipper of Uskayaw the Reveler
  7082 | D:7      | Reached * piety under Uskayaw
  7264 | D:7      | Reached ** piety under Uskayaw
  7399 | D:7      | Got a jewelled ring mail
  7513 | D:7      | Reached *** piety under Uskayaw
  7515 | D:7      | Reached **** piety under Uskayaw
  7518 | D:7      | Reached skill level 14 in Axes
  7518 | D:7      | Reached ***** piety under Uskayaw
  8171 | D:7      | Identified the cursed +0 ring mail of Mimekeun {rPois rF+
                  | rC+++ MP-9} (You found it on level 7 of the Dungeon)
  8602 | D:8      | Reached skill level 5 in Fighting
  9038 | D:8      | Reached XP level 10. HP: 53/90 MP: 0/9
  9144 | D:8      | Reached skill level 10 in Fighting
  9571 | D:8      | Found an ancient bone altar of Kikubaaqudgha.
  9615 | D:8      | Found a staircase to the Lair.
 10043 | D:9      | Found a blossoming altar of Fedhas.
 10268 | D:9      | Noticed a two-headed ogre
 10276 | D:9      | Killed a two-headed ogre
 10276 | D:9      | Reached skill level 15 in Axes
 10955 | D:9      | Found a burning altar of Makhleb.
 11449 | D:9      | Reached skill level 16 in Axes
 11609 | D:9      | Noticed a two-headed ogre
 11614 | D:9      | Killed a two-headed ogre
 11614 | D:9      | Reached XP level 11. HP: 75/99 MP: 1/10
 12081 | D:9      | Noticed a deep elf mage
 12203 | D:9      | Noticed a sun demon
 12207 | D:9      | Noticed a centaur warrior
 12215 | D:9      | Killed a centaur warrior
 12226 | D:9      | Killed a deep elf mage
 12226 | D:9      | Reached skill level 17 in Axes
 12240 | D:9      | Got a coiled marble ring
 12245 | D:9      | Got a twitching lead ring
 12395 | D:9      | Identified the ring "Fiod" {rC+ Slay+4} (You found it on
                  | level 9 of the Dungeon)
 12397 | D:9      | Identified the ring of Ruxzifua {*Drain rElec Int+3 Dex+4
                  | Slay+4} (You found it on level 9 of the Dungeon)
 12474 | Lair:1   | Entered Level 1 of the Lair of Beasts
 12474 | Lair:1   | Noticed Fannar
 12810 | Lair:1   | Killed Fannar
 13190 | Lair:1   | Found an ancient bone altar of Kikubaaqudgha.
 13211 | Lair:1   | Reached skill level 18 in Axes
 13227 | Lair:1   | Reached ****** piety under Uskayaw
 13635 | Lair:1   | Noticed an eight-headed hydra
 14092 | Lair:1   | Killed an eight-headed hydra
 14092 | Lair:1   | Reached skill level 19 in Axes
 14092 | Lair:1   | Reached XP level 12. HP: 106/106 MP: 2/11
 14224 | Lair:2   | Noticed Erica
 14231 | Lair:2   | Killed Erica
 14692 | Lair:2   | Noticed a four-headed hydra
 14699 | Lair:2   | Killed a five-headed hydra
 15099 | Lair:2   | Reached skill level 20 in Axes
 15101 | Lair:2   | Reached skill level 1 in Invocations
 15210 | Lair:2   | Reached skill level 5 in Invocations
 15765 | Lair:3   | Noticed a six-headed hydra
 15775 | Lair:3   | Killed a six-headed hydra
 16091 | Lair:3   | Got a bloodstained war axe
 16139 | Lair:3   | Noticed a four-headed hydra
 16153 | Lair:3   | Killed a four-headed hydra
 16256 | Lair:3   | Reached skill level 1 in Evocations
 16459 | Lair:3   | Found a staircase to the Snake Pit.
 16569 | Lair:3   | Noticed a four-headed hydra
 16570 | Lair:3   | Identified the +6 war axe of Corure {vorpal, *Rage rC+ rN+
                  | Str+4} (You found it on level 3 of the Lair of Beasts)
 16578 | Lair:3   | Killed a four-headed hydra
 16578 | Lair:3   | Reached XP level 13. HP: 93/113 MP: 9/18
 16658 | Lair:3   | Noticed Sonja
 16665 | Lair:3   | Killed Sonja
 16684 | Lair:3   | Noticed a fire dragon
 16704 | Lair:3   | Killed a fire dragon
 16924 | Lair:3   | Found a runed translucent door.
 16924 | Lair:3   | Found a shimmering altar of Xom.
 16924 | Lair:3   | Noticed flotson's ghost (journeyman PaCj)
 16925 | Lair:3   | Found the +9 staff of Olgreb {rPois∞}
 17070 | Lair:3   | Reached skill level 5 in Evocations
 17084 | Lair:3   | Reached skill level 1 in Armour
 17910 | Lair:4   | Reached skill level 5 in Armour
 18470 | Lair:4   | Found a staircase to the Shoals.
 19371 | Lair:5   | Reached skill level 10 in Armour
 19647 | Lair:5   | Reached skill level 5 in Dodging
 20141 | Lair:5   | Reached XP level 14. HP: 112/121 MP: 10/19
 20345 | Lair:5   | Found a radiant altar of Vehumet.
 20719 | Lair:6   | Entered Level 6 of the Lair of Beasts
 20918 | Lair:6   | Found a frozen archway.
 20952 | IceCv    | Entered an ice cave
 21216 | IceCv    | Got a shimmering lead ring
 21270 | Lair:6   | Identified the ring "Gessebb" {MR- MP+9 Dex+5 SInv} (You
                  | found it in an ice cave)
 21457 | Lair:6   | Reached skill level 10 in Dodging
 22758 | Lair:6   | Got an ancient plate armour
 22781 | Lair:6   | Identified the +6 plate armour "Riluass" {rN+ Int-2 SInv}
                  | (You found it on level 6 of the Lair of Beasts)
 22839 | Lair:6   | Reached skill level 21 in Axes
 23163 | Lair:6   | Identified the +9 long sword "Giantslayer" {vorpal, Str+5
                  | Dex-5}
 23403 | Lair:6   | Found a viscous altar of Jiyva.
 23403 | Lair:6   | Found a staircase to the Slime Pits.
 23609 | Lair:3   | Killed flotson's ghost
 23762 | D:10     | Entered Level 10 of the Dungeon
 23899 | D:10     | Found a flagged portal.
 23912 | Bailey   | Entered a bailey
 24540 | Bailey   | Got a shimmering hand axe
 24544 | Bailey   | Got a distressingly furry cloak
 24570 | D:10     | Identified the +9 hand axe of the Puffball {freeze, rF+
                  | Int+4} (You found it in a bailey)
 24581 | D:10     | Identified the cursed +0 cloak "Luramig" {*Corrode rElec
                  | Dex+2} (You found it in a bailey)
 24686 | D:10     | Found Wefoorok's Book Emporium.
 24786 | D:10     | Found Iwnijywa's Assorted Antiques.
 24794 | D:10     | Bought a potion of lignification for 84 gold pieces
 24794 | D:10     | Bought a green potion for 25 gold pieces
 24794 | D:10     | Bought an orange potion for 25 gold pieces
 24851 | D:10     | Found Rietib's Magic Scroll Shoppe.
 24861 | D:10     | Bought a scroll of fog for 22 gold pieces
 24861 | D:10     | Bought a scroll of fog for 22 gold pieces
 24861 | D:10     | Bought a scroll of identify for 22 gold pieces
 24861 | D:10     | Bought a scroll of identify for 22 gold pieces
 24861 | D:10     | Bought a scroll of identify for 22 gold pieces
 24861 | D:10     | Bought a scroll of identify for 22 gold pieces
 24861 | D:10     | Bought a scroll of fog for 22 gold pieces
 24861 | D:10     | Bought a scroll of magic mapping for 38 gold pieces
 24861 | D:10     | Bought a scroll of summoning for 104 gold pieces
 24861 | D:10     | Bought a scroll of teleportation for 33 gold pieces
 24874 | D:10     | Found Eloasm's Weapon Boutique.
 25239 | D:11     | Reached XP level 15. HP: 126/126 MP: 11/20
 25256 | D:11     | Reached skill level 22 in Axes
 25650 | D:11     | Found a staircase to the Orcish Mines.
 25939 | Orc:1    | Entered Level 1 of the Orcish Mines
 26064 | Orc:1    | Found a roughly hewn altar of Beogh.
 26747 | Orc:2    | Entered Level 2 of the Orcish Mines
 28077 | D:12     | Reached skill level 23 in Axes
 28243 | D:13     | Noticed Louise
 28316 | D:13     | Noticed Frances
 28324 | D:13     | Killed Frances
 28486 | Snake:1  | Entered Level 1 of the Snake Pit
 29084 | Snake:1  | Noticed Aizul
 29090 | Snake:1  | Killed Aizul
 29282 | Snake:1  | Identified the +2 pair of gloves of the Game of Kings
                  | {rElec rPois} (You found it on level 1 of the Snake Pit)
 29350 | Snake:1  | Reached skill level 24 in Axes
 30633 | Snake:2  | Reached XP level 16. HP: 130/134 MP: 12/21
 30977 | Snake:2  | Found Muikkyeg's Book Shop.
 30985 | Snake:2  | Found a sparkling altar of Nemelex Xobeh.
 31090 | Snake:2  | Found Boomai's Gadget Shop.
 31090 | Snake:2  | Found Ariuggae's Distillery.
 31102 | Snake:2  | Found Coar's Jewellery Boutique.
 31145 | Snake:2  | Bought a potion of cancellation for 96 gold pieces
 31145 | Snake:2  | Bought a potion of haste for 120 gold pieces
 31145 | Snake:2  | Bought 2 potions of stabbing for 96 gold pieces
 31145 | Snake:2  | Bought a potion of heal wounds for 60 gold pieces
 31145 | Snake:2  | Bought a potion of heal wounds for 60 gold pieces
 31151 | Snake:2  | Bought a wand of acid (5) for 216 gold pieces
 31151 | Snake:2  | Bought a wand of iceblast (5) for 108 gold pieces
 31202 | Snake:2  | Reached skill level 25 in Axes
 33225 | Snake:3  | Reached skill level 26 in Axes
 34771 | Shoals:1 | Entered Level 1 of the Shoals
 35728 | Shoals:1 | Reached skill level 10 in Invocations
 36014 | Shoals:2 | Got a pitted chain mail
 36020 | Shoals:2 | Identified the cursed +1 chain mail "Zietrif" {MR+ Int+4}
                  | (You found it on level 2 of the Shoals)
 36034 | Shoals:2 | Reached XP level 17. HP: 96/140 MP: 4/23
 36653 | Shoals:2 | Found a runed translucent gate.
 36654 | Shoals:2 | Found a runed translucent gate.
 36656 | Shoals:2 | Found a runed translucent gate.
 36917 | Shoals:2 | Noticed Witt's ghost (adept GrFi)
 36918 | Shoals:2 | Noticed Buvar's ghost (adept MiBe)
 36918 | Shoals:2 | Noticed Eddaez Biosh's ghost (journeyman HOFi)
 36918 | Shoals:2 | Noticed archon2's ghost (adept DEFE)
 36942 | Shoals:2 | Noticed Ilsuiw
 36957 | Shoals:2 | Killed Ilsuiw
 37490 | Shoals:2 | Noticed a kraken
 37505 | Shoals:2 | Slain by a tentacle

Illustrated notes

Levels and vault maps discovered:
D:1:      psy_arrival_fountain, layout_basic
D:2:      layout_loops_corners, cheibriados_altar_1, st_stairs_6
D:3:      kb_forest_paths, layout_loops_ring, grunt_decor_one_mirror,
          uniq_grinder, uniq_sigmund
D:4:      layout_basic, kennysheep_generic_room_15
D:5:      layout_basic, old_standard_altar, uniq_ijyb, uniq_eustachio
D:6:      layout_loops_ring, nicolae_overflow_crystal_walls,
          minmay_temple_entry_stoned_glass, uniq_pikel
D:7:      black_bear_nest_2, layout_layer_cave
D:8:      layout_cave_pools, lemuel_zombie_altar_kikubaaqudgha,
          minmay_lair_entry_grove, kennysheep_generic_room_2
D:9:      minmay_the_grid_triangle_9x9_rhombus_full
          [minmay_the_grid_triangle_9x9_windchime,
          minmay_the_grid_triangle_9x9_skeleton,
          minmay_the_grid_triangle_9x9_shrine,
          minmay_the_grid_triangle_9x9_alien,
          minmay_the_grid_triangle_9x9_semitri,
          minmay_the_grid_triangle_9x9_minimal,
          minmay_the_grid_triangle_9x9_steps,
          minmay_the_grid_triangle_9x9_prize_center], layout_rooms,
          fedhas_altar_2, nicolae_lava_and_water, chequers_serial_rivers_large_b
D:10:     layout_irregular_city, enter_bailey_7, serial_shops, shop_fountains,
          kennysheep_mini_moat, nicolae_shop_overgrown_old_shop,
          nicolae_shop_window_shopping
D:11:     layout_big_octagon, kennysheep_orc_monster_closet_entryway,
          zaba_anthell
D:12:     layout_gridville
D:13:     layout_irregular_city, david_vaults_2, sword_in_stone, uniq_frances,
          uniq_maurice, uniq_rupert
Temple:   minmay_crystal_spiral_temple
Lair:1:   statuecave_lemuel, layout_cave_pods, basic_altar, uniq_fannar
Lair:2:   layout_loops_ring, nicolae_quartered_pool_medium,
          cheibrodos_lair_lostbears, grunt_megastairs_3, uniq_erica
Lair:3:   dragon1_lemuel, layout_gridlike, guppyfry_snake_entry_island,
          ebering_ghost_xom, uniq_sonja
Lair:4:   layout_regular_city, minmay_shoals_entry_beasts,
          minmay_lair_drake_nest
Lair:5:   layout_loops_ring, basic_altar, chequers_serial_rivers_room_a,
          worms_lemuel, grunt_megastairs_1
Lair:6:   minmay_lair_end_enchanted_forest, layout_layer_cave, slime_altar_1,
          portal_ice_cave_entry_pillars_2, grunt_megastairs_4
Shoals:1: layout_shoals
Shoals:2: layout_shoals, gammafunk_ghost_cemetery,
          nicolae_shoals_stone_sculpture_thing, nicolae_shoals_wave_tunnel,
          uniq_ilsuiw
Snake:1:  layout_onion, lemuel_fruit_tree, uniq_aizul
Snake:2:  layout_layer_cave, basic_altar, minmay_shoptagon
Snake:3:  nicolae_snake_hallway, layout_layer_cave, st_stairs_3
Orc:1:    cheibrodos_orc_arena, layout_diamond_mine, basic_altar
Orc:2:    st_orc_ogre_mass, layout_diamond_mine, uniq_jorgrun

Skill      XL: |  1  2  3  4  5  6  7  8  9 10 11 12 13 14 15 16 17 |
---------------+----------------------------------------------------+-----
Axes           | 1 2 5 6 7 10 13 14 16 19 20 21 24 26 | 26.0
Throwing       | 5 |  5.0
Fighting       | 8 10 | 10.0
Dodging        | 3 6 10 | 10.0
Invocations    | 8 10 11 | 11.6
Evocations     | 2 5 |  5.0
Armour         | 10 | 10.0
Stealth        | |  0.7

Action                   |  1- 3 |  4- 6 |  7- 9 | 10-12 | 13-15 | 16-18 || total
-------------------------+-------+-------+-------+-------+-------+-------++-------
Melee: Short sword       |    13 |       |       |       |       |       ||    13
       Hand axe          |    84 |    51 |   326 |    26 |       |       ||   487
       Headbutt          |     8 |    10 |    60 |    89 |   149 |    65 ||   381
       War axe           |       |       |     4 |       |       |       ||     4
       Battleaxe         |       |       |       |   314 |   684 |   146 ||  1144
       Whip              |       |       |       |    17 |    19 |       ||    36
       Executioner's axe |       |       |       |       |       |   142 ||   142
Throw: Throwing net      |       |     2 |     1 |     3 |       |       ||     6
       Javelin           |       |     1 |       |     2 |     1 |     1 ||     5
       Dart              |       |       |    10 |     7 |       |       ||    17
       Boomerang         |       |       |       |       |    92 |    90 ||   182
Invok: Stomp             |       |       |     2 |       |     2 |     1 ||     5
       Grand Finale      |       |       |       |       |     2 |     3 ||     5
Evoke: Wand              |       |     1 |     1 |    10 |    12 |     9 ||    33
       Lightning rod     |       |       |       |     5 |     6 |     2 ||    13
       Phial of floods   |       |       |       |     1 |     2 |       ||     3
       Condenser vane    |       |       |       |     1 |     2 |     1 ||     4
       Tin of tremorston |       |       |       |       |       |     1 ||     1
  Use: Scroll            |     6 |       |     9 |    10 |    24 |     5 ||    54
       Potion            |       |       |       |     1 |     2 |     2 ||     5
 Stab: Paralysed         |       |       |     8 |    47 |    96 |    41 ||   192
       Distracted        |       |       |       |     1 |       |       ||     1
Armor: Leather armour    |    23 |       |       |       |       |       ||    23
       Ring mail         |     1 |    16 |    81 |    54 |   143 |    73 ||   368
       Skin              |       |       |       |     7 |       |       ||     7
Dodge: Dodged            |    64 |    21 |   124 |   162 |   377 |   215 ||   963
       Repelled          |       |       |       |     1 |     7 |    15 ||    23

Table legend: (Time is in decaauts)
 A = Elapsed time spent in this place.
 B = Non-inter-level travel time spent in this place.
 C = Inter-level travel time spent in this place.
 D = Time resting spent in this place.
 E = Time spent auto-exploring this place.
 F = Levels seen in this place.
 G = Mean time per level.
                   A        B        C        D        E       F      G
               +--------+--------+--------+--------+--------+-----+--------+
         Total |  37223 |  35650 |   1573 |   6534 |  23778 |  29 | 1283.6 |
       Dungeon |  15299 |  14702 |    597 |   2154 |  10502 |  13 | 1176.8 |
        Temple |    171 |     87 |     84 |      0 |     84 |   1 |  171.0 |
          Lair |  10614 |  10121 |    493 |   1779 |   6940 |   6 | 1769.0 |
        Shoals |   2801 |   2783 |     18 |    873 |   1420 |   2 | 1400.5 |
     Snake Pit |   6152 |   5977 |    175 |   1271 |   4074 |   3 | 2050.7 |
  Orcish Mines |   1223 |   1017 |    206 |      0 |    712 |   2 |  611.5 |
        Bailey |    656 |    656 |      0 |    291 |     45 |   1 |  656.0 |
      Ice Cave |    304 |    304 |      0 |    166 |      0 |   1 |  304.0 |
               +--------+--------+--------+--------+--------+-----+--------+

Top non-repeatable levels by time:
     D:9: 2466 daAuts
  Lair:6: 2413 daAuts
  Lair:3: 2323 daAuts
 Snake:1: 2142 daAuts
 Snake:2: 2074 daAuts
 Snake:3: 1935 daAuts
     D:8: 1801 daAuts
Shoals:2: 1577 daAuts
  Lair:1: 1508 daAuts
  Lair:5: 1507 daAuts
  Lair:2: 1498 daAuts
     D:7: 1466 daAuts
     D:5: 1442 daAuts
     D:3: 1393 daAuts
  Lair:4: 1362 daAuts
